 Dungeon Crawl Stone Soup version 0.29.1-12-g30fa7ad0bf (webtiles) character file.

Game seed: 6808953270507555847

526 MajorAdolf the Sneak (level 7, 0/61 HPs)
             Began as a Naga Wanderer on Dec 21, 2022.
             Slain by Pikel
             ... wielding a +2 whip of freezing
              (3 damage)
             ... on level 4 of the Dungeon.
             The game lasted 00:09:49 (5321 turns).

MajorAdolf the Sneak (Naga Wanderer)                Turns: 5321, Time: 00:09:50

Health: 0/61       AC:  5    Str: 15    XL:     7   Next: 23%
Magic:  1/9        EV:  9    Int: 12    God:
Gold:   163        SH:  0    Dex: 12    Spells: 4/9 levels left

rFire   . . .      SeeInvis +   n - +1 dagger (venom)
rCold   . . .      Faith    .   (no shield)
rNeg    . . .      Spirit   .   u - +1 animal skin
rPois   +          Reflect  .   t - +0 helmet
rElec   .          Harm     .   (no cloak)
rCorr   .          Rampage  .   (no gloves)
Will    .....                   (no barding)
Stlth   +++.......              (no amulet)
HPRegen 0.20/turn               (no ring)
MPRegen 0.11/turn               (no ring)

@: short of breath, very slightly contaminated, very slow
A: AC +2, large, see invisible, deformed body, poison resistance, slowness 2,
spit poison 1, naga tail 1
a: Spit Poison


You were on level 4 of the Dungeon.
You visited 1 branch of the dungeon, and saw 4 of its levels.

You collected 163 gold pieces.

Inventory:

Hand Weapons
 a - a +2 dagger
 c - a +0 sling
 j - a +0 short sword of electrocution
 n - a +1 dagger of venom (weapon)
 y - the +7 sling of Homaropt {freeze, Will- Int+4}
   (You found it on level 4 of the Dungeon)

   Any ammunition fired from it freezes those it strikes, dealing additional
   cold damage.
   It can also slow down cold-blooded creatures.
   Int:       It affects your intelligence (+4).
   Will:      It decreases your willpower.
Missiles
 b - a curare-tipped dart
 h - 50 stones
Armour
 f - a +3 chain mail
 p - the +0 leather armour of Restlessness {Int+5 Slay-2}
   (You found it on level 2 of the Dungeon)

   Int:       It affects your intelligence (+5).
   Slay:      It affects your accuracy & damage with ranged weapons and melee
   (-2).
 t - a +0 helmet (worn)
 u - a +1 animal skin (worn)
Scrolls
 d - a scroll of vulnerability
 e - a scroll of silence
 g - a scroll of magic mapping {unknown}
 m - a scroll of teleportation {unknown}
 q - 2 scrolls of enchant weapon {unknown}
 r - a scroll of poison {unknown}
 v - a scroll of identify {unknown}
 w - a scroll of torment {unknown}
 x - a scroll of amnesia {unknown}
Potions
 i - 2 potions of curing
 k - 3 potions of mutation {unknown}
 l - a potion of cancellation {unknown}
 o - 3 potions of heal wounds {unknown}
 s - a potion of lignification {unknown}
 z - a potion of degeneration {unknown}


   Skills:
 + Level 2.8 Fighting
 + Level 3.0 Short Blades
 - Level 2.6 Ranged Weapons
 - Level 4.5 Throwing
 + Level 0.7 Dodging
 + Level 4.9 Stealth
 + Level 1.8 Spellcasting
 + Level 2.0 Conjurations
 + Level 2.1 Air Magic
 + Level 2.6 Poison Magic
 - Level 1.0 Invocations


You had 4 spell levels left.
You knew the following spells:

 Your Spells              Type           Power      Damage    Failure   Level
a - Mephitic Cloud        Conj/Pois/Air  6%         N/A       32%         3
b - Call Imp              Summ           1%         N/A       38%         2

Your spell library contained the following spells:

 Spells                   Type           Power      Damage    Failure   Level
 Magic Dart               Conj           24%        1d4       12%         1
 Static Discharge         Conj/Air       6%         3-4/arc   19%         2
 Sticky Flame             Conj/Fire      3%         2d3       88%         4
 Dispel Undead            Necr           1%         3d6       95%         4


Dungeon Overview and Level Annotations

Branches:
Dungeon (4/15)
 Temple: D:4-7

Altars:
Fedhas
Okawaru
Sif Muna
Uskayaw
Xom

Shops:
D:2 :

Annotations:
D:2 1 runed translucent door, Crazy Yiuf
D:4 Pikel


Innate Abilities, Weirdness & Mutations

Your serpentine skin is tough. (AC +2)
You have supernaturally acute eyesight. (SInv)
Armour fits poorly on your strangely shaped body.
Your system is resistant to poisons. (rPois)
You cover ground very slowly.
You can spit poison.
You have a snake-like lower body.


Message History

You miscast Mephitic Cloud.
Nothing appears to happen.
Pikel barely misses you.
Unknown command.
You barely miss Pikel.
Pikel is heavily wounded.
Pikel hits you with a +2 whip of freezing!
Pikel freezes you.
* * * LOW HITPOINT WARNING * * *
Unknown command.
Pikel hits you with a +2 whip of freezing.
* * * LOW HITPOINT WARNING * * *
Pikel freezes you.
* * * LOW HITPOINT WARNING * * *
Okay, then.
Okay, then.
You feel better. Pikel barely misses you. Pikel attacks as you move away!
Pikel hits you with a +2 whip of freezing.
* * * LOW HITPOINT WARNING * * *
Pikel freezes you.
* * * LOW HITPOINT WARNING * * *
You feel better.
Pikel hits you with a +2 whip of freezing.
* * * LOW HITPOINT WARNING * * *
Pikel freezes you.
* * * LOW HITPOINT WARNING * * *
Pikel attacks as you move away!
Pikel hits you with a +2 whip of freezing!
* * * LOW HITPOINT WARNING * * *
Pikel freezes you.
* * * LOW HITPOINT WARNING * * *
You feel better. Pikel closely misses you.
Aiming: Spit Poison (1% risk of failure)
Press: ? - help, Shift-Dir - straight line, f/p - Pikel
Aim: Pikel, wielding a +2 whip of freezing and wearing a +0 robe (severely wounded, very poisoned, 50% to hit)
The splash of poison hits Pikel.
Pikel looks even sicker.
Pikel is severely wounded.
Pikel hits you with a +2 whip of freezing!
* * * LOW HITPOINT WARNING * * *
Pikel freezes you.
You die...

#.# #^# #<# #.# #.# #.#
### #.# #.#
.....############# #.#
#.# # #.............#
#.# #.# #..##########5#
##.## #.# .... #K#
#...# #.# .... #@#
#.#.# #.# ... ##.#
#...####.# ###
#..##.####.####.... ...
#.###.......# #.#.# ..h
#.# ######..# #.### ###
. #.# #..# #.#
..#####.########..# #.#
............)†....# #.#
.#................###.#


You could see Pikel (very poisoned) and a lemure.

Vanquished Creatures
  Sigmund (D:3)
  An ogre (D:4)
  A phantom (D:4)
  A lemure (D:3)
  An orc priest (D:4)
  Terence (D:2)
  Robin (D:2)
  2 adders
  An ufetubus (D:4)
  10 orcs
  10 bats
  6 endoplasms
  3 giant cockroaches
  12 goblins
  9 hobgoblins
  10 jackals
  7 kobolds
  2 quokkas
  9 ball pythons
  4 frilled lizards
  8 rats
100 creatures vanquished.

Notes
Turn   | Place    | Note
-------+----------+-------------------------------------------
     0 | D:1      | MajorAdolf the Naga Wanderer began the quest for the Orb.
     0 | D:1      | MajorAdolf set off with the following items: a +2 dagger, a
                  | curare-tipped dart, a +0 sling, a scroll of vulnerability,
                  | a scroll of silence, a +0 leather armour.
     0 | D:1      | Reached XP level 1. HP: 15/15 MP: 1/1
   391 | D:1      | Reached XP level 2. HP: 24/24 MP: 2/2
   449 | D:1      | Reached skill level 1 in Short Blades
   562 | D:1      | Reached skill level 1 in Fighting
   937 | D:1      | Found a faded altar of an unknown god.
   937 | D:1      | Noticed a crimson imp
  1195 | D:1      | Reached XP level 3. HP: 31/31 MP: 3/3
  2067 | D:2      | Identified the +0 leather armour of Restlessness {Int+5
                  | Slay-2}
  2259 | D:2      | Noticed Terence
  2420 | D:2      | Found Weakipre's Book Shop.
  2541 | D:2      | Reached XP level 4. HP: 39/39 MP: 4/4
  2545 | D:2      | Learned a level 3 spell: Mephitic Cloud
  2716 | D:2      | Found a runed translucent door.
  2717 | D:2      | Noticed Crazy Yiuf
  2827 | D:2      | Killed Terence
  3088 | D:3      | Noticed Robin
  3710 | D:2      | Killed Robin
  3711 | D:2      | Reached XP level 5. HP: 42/45 MP: 5/5
  3826 | D:3      | Reached skill level 1 in Poison Magic
  3953 | D:3      | Noticed Sigmund
  3967 | D:3      | Killed Sigmund
  3968 | D:3      | Reached skill level 1 in Spellcasting
  3968 | D:3      | Reached skill level 1 in Conjurations
  3968 | D:3      | Reached skill level 1 in Air Magic
  3968 | D:3      | Reached XP level 6. HP: 55/55 MP: 6/8
  4098 | D:3      | Found a hide-covered altar of Uskayaw.
  4098 | D:3      | Found a faded altar of an unknown god.
  4105 | D:3      | Found a shimmering altar of Xom.
  4107 | D:3      | Found a faded altar of an unknown god.
  4109 | D:3      | Found a shimmering blue altar of Sif Muna.
  4197 | D:3      | Found an iron altar of Okawaru.
  4493 | D:3      | Found a blossoming altar of Fedhas.
  4654 | D:4      | Noticed Pikel
  5149 | D:4      | Reached XP level 7. HP: 61/61 MP: 9/9
  5266 | D:4      | Identified the +7 sling of Homaropt {freeze, Will- Int+4}
  5271 | D:4      | Learned a level 2 spell: Call Imp
  5319 | D:4      | HP: 3/61 [Pikel/+2 whip of freezing (4)]
  5321 | D:4      | Slain by Pikel

Illustrated notes

Levels and vault maps discovered:
D:1:      minmay_arrival_four_loops, layout_basic,
          dreamdust_ecumenical_altar_sealed_demon, st_stairs_6, grunt_decor_cap,
          minmay_tetromino_t2
D:2:      layout_loops_ring, serial_shops, nicolae_shop_window_shopping,
          uniq_crazy_yiuf_cottage, uniq_terence
D:3:      layout_loops_ring, okawaru_ov_weapons_minmay,
          chequers_temple_overflow_minitemple, mainiacjoe_overflow_chevrons,
          uniq_robin, uniq_sigmund
D:4:      layout_loops_ring, minmay_cupped, uniq_pikel

Skill      XL: |  1  2  3  4  5  6  7 |
---------------+----------------------+-----
Stealth        | 2 3 4 |  4.9
Short Blades   | 1 2 3 |  3.0
Fighting       | 1 2 |  2.8
Poison Magic   | 2 |  2.6
Spellcasting   | 1 |  1.8
Conjurations   | 1 2 |  2.0
Air Magic      | 1 2 |  2.1
Ranged Weapons | |  2.6
Throwing       | |  4.5
Dodging        | |  0.7
Invocations    | |  1.0

Action                   |  1- 3 |  4- 6 |  7- 9 || total
-------------------------+-------+-------+-------++-------
Melee: Dagger            |    79 |   154 |     9 ||   242
       Punch             |       |     2 |       ||     2
       Short sword       |       |       |    15 ||    15
 Abil: Spit Poison       |    29 |    22 |     4 ||    55
  Use: Potion            |       |       |     3 ||     3
 Stab: Sleeping          |     1 |     2 |       ||     3
       Distracted        |     1 |       |       ||     1
Armor: Robe              |    20 |     2 |       ||    22
       Chain mail        |       |    57 |       ||    57
       Animal skin       |       |    42 |     5 ||    47
Dodge: Dodged            |    45 |    78 |     9 ||   132
